Map: Catalyst LE

Players

Reynor - Winner!

  • Race: Zerg Zerg
  • Spawn Location: 11:00

SpeCial

  • Race: Terran Terran
  • Spawn Location: 5:00

Event: WESG 2017 Haikou

VOD

Have the link to the VOD?

Description

Time

  • Played on: March 14, 2018, 10:55 p.m.
  • Length: 11:05

All games in this series

Show
View Real Time Build Order
Export as new Build Order

Reynor Zerg - Winner!

Build Orders: Pool First 

Get SALT Encoding   

  12  0:00  Drone  
  13  0:12  Overlord  
  13  0:17  Drone  
  14  0:31  Drone x2  
  16  0:36  Drone  
  17  0:44  Spawning Pool  
  17  0:49  Drone  
  17  1:09  Hatchery  
  16  1:11  Drone  
  16  1:15  Drone  
  18  1:25  Extractor  
  18  1:31  Zergling x4  
  18  1:32  Queen  
  19  1:39  Zergling x2  
  22  1:49  Overlord  
  22  2:08  Queen  
  22  2:09  Drone  
  22  2:11  Drone  
  26  2:21  Queen  
  26  2:22  Drone  
  29  2:27  Metabolic Boost  
  29  2:29  Drone  
  30  2:32  Drone  
  30  2:36  Drone  
  31  2:44  Overlord  
  31  2:45  Drone  
  31  2:46  Drone  
  31  2:48  Drone  
  33  2:51  Drone  
  33  2:54  Drone  
  35  3:02  Drone  
  36  3:10  Hatchery  
  35  3:14  Zergling x4  
  35  3:17  Drone  
  38  3:20  Drone x2  
  38  3:22  Drone  
  38  3:24  Zergling x2  
  42  3:30  Overlord  
  42  3:35  Queen  
  44  3:43  Overlord  
  44  3:48  Zergling x2  
  44  3:49  Zergling x8  
  44  3:51  Drone x2  
  51  3:58  Zergling x2  
  51  4:00  Overlord  
  53  4:02  Zergling x2  
  53  4:03  Zergling x2  
  53  4:04  Pneumatized Carapace  
  54  4:11  Queen  
  54  4:12  Drone  
  54  4:13  Drone  
  58  4:19  Drone x2  
  58  4:24  Queen  
  60  4:26  Zergling x2  
  60  4:28  Zergling x2  
  60  4:30  Evolution Chamber  
  63  4:33  Drone x3  
  63  4:37  Overlord  
  66  4:43  Overlord  
  66  4:51  Drone  
  66  4:55  Overlord, Queen  
  66  4:59  Zergling x2  
  68  5:00  Zergling x2  
  68  5:06  Zergling x6  
  68  5:07  Zergling x4  
  70  5:08  Zergling x4  
  70  5:09  Zergling x2  
  66  5:15  Zergling x6  
  71  5:24  Zergling x2  
  71  5:26  Drone x2  
  74  5:29  Drone x3  
  78  5:41  Zergling x6  
  80  5:46  Zerg Ground Armor Level 1  
  80  5:49  Drone x5  
  81  5:51  Evolution Chamber  
  81  5:52  Queen  
  81  5:53  Drone  
  83  5:58  Overlord  
  83  6:00  Drone  
  84  6:04  Drone  
  84  6:09  Drone x2  
  87  6:12  Extractor  
  87  6:13  Drone, Extractor  
  87  6:14  Drone x2  
  87  6:15  Extractor  
  87  6:18  Zerg Melee Weapons Level 1  
  86  6:27  Hatchery  
  86  6:32  Overlord  
  83  6:34  Drone x3  
  83  6:37  Drone x4  
  83  6:38  Drone, Lair  
  83  6:39  Queen  
  90  6:40  Drone, Baneling Nest  
  90  6:42  Overlord  
  90  6:43  Drone  
  90  6:45  Drone x2  
  90  6:50  Overlord  
  90  6:53  Drone x2  
  90  6:54  Drone  
  93  6:58  Drone x3  
  93  7:01  Extractor, Drone x4  
  99  7:05  Zergling x2  
  100  7:10  Zergling x2  
  100  7:14  Zergling x4  
  100  7:15  Zergling x4  
  105  7:19  Extractor, Zergling x4  
  105  7:20  Zergling x4  
  108  7:27  Zergling x6  
  108  7:29  Baneling x5  
  111  7:31  Zergling x4  
  111  7:36  Zergling x2  
  114  7:37  Overlord  
  114  7:39  Centrifical Hooks  
  114  7:42  Baneling  
  114  7:43  Hydralisk Den, Baneling x4  
  113  7:45  Overlord  
  113  7:48  Zerg Ground Armor Level 2  
  114  7:51  Zergling x8  
  114  7:54  Baneling x3  
  114  7:56  Zergling x8  
  114  7:57  Zergling x8  
  122  8:01  Baneling x3  
  119  8:09  Zergling x10  
  119  8:12  Hydralisk  
  117  8:13  Zergling x4  
  117  8:17  Queen  
  117  8:18  Zergling x4  
  112  8:21  Zergling x2  
  108  8:28  Hydralisk x2  
  108  8:31  Hydralisk  
  114  8:39  Hydralisk  
  114  8:40  Muscular Augments, Zergling x2  
  116  8:42  Hydralisk  
  116  8:45  Hydralisk  
  116  8:46  Zergling x4  
  120  8:49  Hydralisk  
  115  8:58  Hydralisk x3  
  115  9:00  Hydralisk  
  115  9:01  Zergling x2  
  117  9:05  Hydralisk  
  117  9:09  Hydralisk  
  117  9:12  Queen  
  117  9:14  Extractor, Zergling x6  
  123  9:19  Hydralisk  
  123  9:21  Hydralisk  
  123  9:23  Zergling x2  
  126  9:29  Overlord  
  126  9:30  Baneling x8  
  126  9:33  Overlord, Zergling x2  
  126  9:34  Overlord  
  126  9:37  Overlord  
  127  9:40  Queen  
  127  9:43  Overlord  
  128  9:47  Hydralisk x3  
  128  9:48  Zergling x10  
  128  9:52  Zergling x2  
  126  9:58  Hydralisk x2  
  126  9:59  Zergling x2  
  124  10:03  Hydralisk x2  
  124  10:04  Zergling x4  
  123  10:08  Hydralisk, Zergling x2  
  123  10:10  Queen  
  123  10:14  Hydralisk x2  
  122  10:20  Hydralisk  
  122  10:21  Zergling x2  
  121  10:23  Hydralisk, Zergling x2  
  121  10:26  Baneling x3  
  121  10:27  Baneling  
  116  10:29  Zergling x4  
  116  10:33  Zergling x6  
  116  10:34  Zergling x2  
  122  10:36  Baneling x4  
  122  10:37  Baneling  
  122  10:39  Hydralisk  
  122  10:41  Zergling x4  
Show
View Real Time Build Order
Export as new Build Order

SpeCial Terran 

Build Orders: Liberator Opening, Reaper Expand, Bio Tank 

Get SALT Encoding   

  12  0:00  SCV  
  13  0:13  SCV  
  14  0:17  Supply Depot  
  14  0:25  SCV  
  15  0:38  SCV  
  15  0:40  Barracks  
  16  0:44  Refinery  
  16  0:50  SCV  
  17  1:02  SCV  
  18  1:15  SCV  
  19  1:28  Orbital Command  
  19  1:29  Reaper  
  20  1:42  Command Center  
  20  1:54  SCV  
  20  1:56  Supply Depot  
  20  2:01  Marine  
  21  2:06  Factory  
  22  2:09  SCV  
  23  2:22  Barracks Reactor  
  23  2:24  SCV  
  23  2:26  Refinery  
  24  2:36  SCV  
  24  2:48  SCV  
  25  2:55  Starport  
  25  3:00  SCV  
  28  3:06  Hellion x2  
  28  3:08  Barracks Tech Lab  
  28  3:10  Orbital Command  
  28  3:12  SCV  
  31  3:23  Supply Depot  
  31  3:24  Liberator  
  31  3:27  SCV  
  31  3:28  Hellion  
  31  3:29  Hellion  
  36  3:36  SCV  
  40  3:43  SCV  
  40  3:47  Marine  
  43  3:48  SCV  
  43  3:50  Stimpack  
  43  3:58  SCV  
  43  4:00  SCV  
  45  4:03  Hellion x2  
  49  4:10  Supply Depot  
  49  4:11  SCV  
  49  4:12  SCV  
  49  4:13  Marine  
  52  4:29  SCV, Command Center  
  52  4:30  SCV  
  54  4:32  Marine, Supply Depot  
  55  4:41  SCV  
  55  4:42  SCV  
  55  4:44  Barracks  
  57  4:47  Factory Tech Lab  
  57  4:51  Starport Reactor  
  57  4:52  Marine  
  57  4:53  SCV  
  57  4:54  SCV  
  57  4:57  Barracks  
  60  5:00  Supply Depot  
  60  5:05  SCV  
  60  5:07  SCV  
  62  5:11  Marine  
  59  5:18  SCV  
  59  5:19  SCV, Engineering Bay  
  59  5:20  Engineering Bay  
  61  5:26  Siege Tank  
  64  5:28  Marine  
  64  5:30  SCV  
  64  5:31  SCV  
  67  5:37  Starport Reactor  
  67  5:40  Bunker x2  
  67  5:42  SCV  
  58  5:43  SCV  
  58  5:44  Marine x2  
  58  5:47  Orbital Command  
  59  5:52  Combat Shields, Marine x3  
  59  5:54  SCV  
  63  5:57  Terran Infantry Weapons Level 1, Terran Infantry Armor Level 1  
  63  6:01  Marine  
  63  6:02  Marine  
  65  6:04  Siege Tank  
  65  6:09  Marine  
  65  6:10  Refinery  
  65  6:11  Refinery  
  69  6:12  Marine x2  
  71  6:18  Medivac  
  71  6:19  Marine x2  
  75  6:27  Marine  
  75  6:30  Marine x2  
  72  6:35  SCV  
  72  6:37  Marine x2  
  72  6:40  Medivac  
  72  6:45  Marine, Supply Depot  
  75  6:48  Marine x2  
  75  6:52  SCV x2, Supply Depot  
  79  6:55  Marine x2  
  79  6:56  Siege Tank, Barracks  
  79  6:57  Barracks  
  84  7:01  Supply Depot  
  84  7:03  Marine  
  84  7:06  Marine x2  
  87  7:10  Medivac x2  
  87  7:13  Marine x2  
  87  7:15  Orbital Command  
  93  7:16  SCV  
  93  7:21  Marine  
  95  7:22  Supply Depot  
  95  7:23  SCV, Marine, Supply Depot  
  95  7:24  Marine  
  95  7:28  SCV  
  99  7:31  Marine x2  
  99  7:35  SCV  
  99  7:36  Siege Tank  
  105  7:38  Marine  
  105  7:40  SCV x2  
  105  7:41  Marine  
  105  7:42  Barracks Reactor  
  105  7:44  Marine  
  109  7:45  Marine  
  109  7:47  SCV  
  109  7:49  Marine x2  
  108  7:52  SCV x2  
  108  7:56  Marine  
  106  7:59  SCV, Marine  
  106  8:02  Marine  
  106  8:04  SCV  
  108  8:07  SCV  
  108  8:09  Barracks Reactor  
  108  8:11  SCV  
  108  8:12  Orbital Command  
  105  8:13  Siege Tank  
  98  8:25  SCV  
  98  8:26  Marine x3  
  87  8:27  Marine x3  
  87  8:29  SCV  
  87  8:31  Armory  
  91  8:34  Orbital Command  
  91  8:37  SCV, Marine  
  93  8:41  SCV  
  93  8:44  Marine x3  
  93  8:45  Siege Tank, Marine x4  
  96  8:52  Medivac x2  
  96  8:54  Marine  
  96  8:55  Marine  
  94  8:56  SCV  
  94  9:01  Marine  
  94  9:02  Marine x3  
  98  9:08  SCV x3  
  96  9:17  Siege Tank  
  96  9:20  SCV x3  
  102  9:25  Marine  
  102  9:26  Marine x2  
  102  9:28  Marine  
  102  9:30  Marine x3  
  109  9:32  SCV x2  
  109  9:33  SCV  
  112  9:43  Marine  
  112  9:44  SCV x2  
  112  9:45  SCV, Marine  
  117  9:48  Marine x2  
  117  9:49  Marine  
  117  9:53  Siege Tank  
  117  9:56  SCV  
  117  9:57  Marine x2  
  105  10:02  Marine  
  105  10:03  Marine  
  105  10:06  Marine x2  
  102  10:13  Marine  
  99  10:15  Marine x4  
  99  10:20  Marine x2  
  95  10:24  Marine  
  95  10:25  Siege Tank, Marine  
  98  10:31  Marine  
  98  10:33  Marine x3  
  102  10:43  Marine x2, Supply Depot x2  
  102  10:45  Marine  
Tags
 
Add a new tag
Caveats
  • Supply blocks, unpowered buildings, or Contaminate may cause inaccurate times.
  • Supply counts are checked every 10 seconds.